 Dungeon Crawl Stone Soup version 0.30-a0-4-ga7cffc901d (webtiles) character file.

Game seed: 14749896725077663400

25 worthlessgem the Conjurer (level 2, -1/15 HPs)
             Began as a Deep Elf Conjurer on Aug 20, 2022.
             Slain by a jackal (3 damage)
             ... on level 2 of the Dungeon.
             The game lasted 00:03:07 (1343 turns).

worthlessgem the Conjurer (Deep Elf Conjurer)       Turns: 1343, Time: 00:03:08

Health: -1/15      AC:  3    Str:  7    XL:     2   Next: 86%
Magic:  7/9        EV: 11    Int: 22    God:
Gold:   58         SH:  0    Dex: 13    Spells: 6/9 levels left

rFire   . . .      SeeInvis .    a - +6 mace "Obacekue" {pain, rElec rC+ Str+3 Stlth+}
rCold   + . .      Faith    .    (no shield)
rNeg    . . .      Spirit   .    l - +0 leather armour
rPois   .          Reflect  .    (no helmet)
rElec   +          Harm     .    (no cloak)
rCorr   .          Rampage  .    (no gloves)
Will    .....                    (no boots)
Stlth   +++.......               (no amulet)
HPRegen 0.05/turn                (no ring)
MPRegen 0.11/turn                (no ring)

@: no status effects
A: no striking features
a: no special abilities


You were on level 2 of the Dungeon.
You visited 1 branch of the dungeon, and saw 2 of its levels.

You collected 58 gold pieces.

Inventory:

Hand Weapons
 a - the +6 mace "Obacekue" (weapon) {pain, rElec rC+ Str+3 Stlth+}
   (You found it on level 2 of the Dungeon)

   In the hands of one skilled in necromantic magic, it inflicts extra damage on
   living creatures.
   Str:       It affects your strength (+3).
   rC:        It protects you from cold.
   rElec:     It insulates you from electricity.
   Stlth:     It makes you more stealthy.
 d - a +0 short sword
 e - a +0 sling
Missiles
 j - 10 stones
Armour
 l - a +0 leather armour (worn)
Scrolls
 f - 2 scrolls of noise {unknown}
 g - 3 scrolls of identify {unknown}
 k - a scroll of silence {unknown}
 m - a scroll of amnesia {unknown}
Potions
 b - a potion of magic
 c - a potion of might {unknown}
 h - 2 potions of lignification {unknown}
 i - a potion of attraction {unknown}


   Skills:
 - Level 2.4 Dodging
 - Level 2.4 Stealth
 + Level 4.0 Spellcasting
 + Level 4.9 Conjurations


You had 6 spell levels left.
You knew the following spells:

 Your Spells              Type           Power      Damage    Failure   Level
a - Magic Dart            Conj           100%       1d8       2%          1
b - Searing Ray           Conj           52%        2d6       3%          2

Your spell library contained the following spells:

 Spells                   Type           Power      Damage    Failure   Level
 Dazzling Flash           Conj/Hex       30%        N/A       19%         3
 Fulminant Prism          Conj/Hex       7%         3d7       52%         4
 Iskenderun's Mystic Bla  Conj/Tloc      15%        2d5       52%         4


Dungeon Overview and Level Annotations

Branches:
Dungeon (2/15)

Altars:


Message History

A jackal comes into view.
The jackal barely misses you.
The jackal moves out of view.
You thump the jackal!
You kill the jackal!
The jackal completely misses you. The frilled lizard closely misses you.
The jackal bites you but does no damage.
Unknown command.
You sock the frilled lizard!
You kill the frilled lizard!
The jackal misses you. The jackal barely misses you.
Unknown command.
You hit the jackal.
The jackal is moderately wounded.
The jackal closely misses you. The jackal bites you.
The jackal bites you but does no damage.
The jackal closely misses you.
Unknown command.
You hit the jackal.
The jackal is almost dead.
The jackal bites you but does no damage.
The jackal bites you. The hobgoblin barely misses you.
The jackal barely misses you. The jackal closely misses you.
Unknown command.
You hit the jackal.
You kill the jackal!
The jackal bites you but does no damage.
The hobgoblin hits you but does no damage.
Your Spellcasting skill increases to level 4!
Unknown command.
You closely miss the jackal.
The jackal bites you but does no damage.
The jackal bites you.
The hobgoblin hits you but does no damage.
Unknown command.
You hit the jackal.
The jackal is heavily wounded.
The jackal closely misses you. The hobgoblin hits you.
* * * LOW HITPOINT WARNING * * *
The jackal bites you.
You die...

#. ## #. #. #. #. ###
##. > ##.# ... ####..
..##... ... #.....
....... #.# #.###.
.......### #.#
###.###.
#.††@.####.###...##..
#.#h#g..##.#.[.####..
...........#...###
#.). ...##.......#.##
#... ...
#####.......####...
.. #..#........... .
##....#....#...
.....###..#...
####..###......


You could see a jackal and a hobgoblin.

Vanquished Creatures
  An adder (D:2)
  A bat (D:1)
  2 hobgoblins (D:1)
  3 jackals (D:2)
  2 kobolds
  A quokka (D:1)
  A ball python (D:2)
  A frilled lizard (D:2)
  4 rats
16 creatures vanquished.

Notes
Turn   | Place    | Note
-------+----------+-------------------------------------------
     0 | D:1      | worthlessgem the Deep Elf Conjurer began the quest for the
                  | Orb.
     0 | D:1      | Reached XP level 1. HP: 10/10 MP: 6/6
   824 | D:1      | Reached XP level 2. HP: 15/15 MP: 5/8
  1089 | D:1      | Learned a level 2 spell: Searing Ray
  1131 | D:2      | Identified the +6 mace "Obacekue" {pain, rElec rC+ Str+3
                  | Stlth+}
  1343 | D:2      | Slain by a jackal

Illustrated notes

Levels and vault maps discovered:
D:1:      elethiomel_arrival_infinity_welcomes_careful_drivers, layout_basic,
          minmay_misc_feat_hallway, grunt_decor_mini_mirrors
D:2:      layout_rooms

Skill      XL: |  1  2 |
---------------+-------+-----
Spellcasting   | 4 |  4.0
Dodging        | |  2.4
Stealth        | |  2.4
Conjurations   | |  4.9

Action                   || total
-------------------------++-------
Melee: Short sword       ||     2
       Mace              ||    12
       Punch             ||     1
 Cast: Magic Dart        ||    22
       Searing Ray       ||     1
Armor: Leather armour    ||     9
Dodge: Dodged            ||    15

Table legend: (Time is in decaauts)
 A = Elapsed time spent in this place.
 B = Non-inter-level travel time spent in this place.
 C = Inter-level travel time spent in this place.
 D = Time resting spent in this place.
 E = Time spent auto-exploring this place.
 F = Levels seen in this place.
 G = Mean time per level.
                   A        B        C        D        E       F      G
               +--------+--------+--------+--------+--------+-----+--------+
         Total |   1346 |   1266 |     80 |      0 |   1140 |   2 |  673.0 |
       Dungeon |   1346 |   1266 |     80 |      0 |   1140 |   2 |  673.0 |
               +--------+--------+--------+--------+--------+-----+--------+

Top non-repeatable levels by time:
     D:1: 1110 daAuts
     D:2: 235 daAuts
